 Dungeon Crawl Stone Soup version 0.30.0-5-g1a98f26d00 (webtiles) character file.

Game seed: 11006015781345663665

362076 cforsyth the Acrobat (level 23, -8/200 HPs)
             Began as a Djinni Conjurer on May 11, 2023.
             Was a High Priest of Ashenzari.
             Killed from afar by an acid blob (23 damage)
             ... with a splash of acid
             ... on level 5 of the Pits of Slime on May 12, 2023.
             The game lasted 03:46:07 (50380 turns).

cforsyth the Acrobat (Djinni Conjurer)             Turns: 50380, Time: 03:46:08

Health: -8/200     AC:  8    Str:  7    XL:     23   Next: 51%
Gold:   3184       EV: 23    Int: 32    God:    Ashenzari [*****.] SH: 10 Dex: 16

rFire   + + .        M - +9 mace "Restrained Insecurity" {flame, rC++, Range, Self} (curse)
rCold   + + +        Y - +1 buckler of Curses and Power {rC+, Self, Fort} (curse)
rNeg    + + +        L - +0 troll leather armour of Ashenzari's Urgency {Regen+, Range, Evo} (curse)
rPois   ∞            c - +2 helmet of the Bound Sage {Self, Evo} (curse)
rElec   .            q - +1 cloak "Bound Suspicion" {Self, Fort} (curse)
rCorr   .            Z - +2 pair of gloves "Shackled With Me" {Stlth+, Self, Melee} (curse)
SInv    +            (boots unavailable)
Will    +++..        T - amulet "Uso Iros" {rPois rN+ Regen+ MP-9 Dex+2}
Stlth   +++          R - ring of Ashenzari's Seer {Wiz Str-5 Int+3 Slay+2, Self, Melee} (curse)
HPRegen 2.13/turn    G - ring "Doubts of Ashenzari" {Str+6, Melee, Range} (curse)
MPRegen 0.00/turn

%: clarity, wizardry (x1), infuse magic (-9 HP)
@: about to teleport, lich-form, corroded, flying
A: draining attack, torment immunity, no potions, flying, sickness immunity,
fire resistance 2, cold vulnerability 1, float, innate caster, HP casting, extra
vitality 1
}: 2/15 runes: barnacled, gossamer
a: End Transformation, Renounce Religion, Shatter the Chains


You were on level 5 of the Pits of Slime.
You worshipped Ashenzari.
Ashenzari was extremely pleased with you.
You were an undead lich.
You visited 9 branches of the dungeon, and saw 43 of its levels.
You also visited: Ossuary, Bailey, Gauntlet, Ice Cave and Volcano.

You collected 5476 gold pieces.
You spent 2292 gold pieces at shops.

Inventory:

Hand Weapons
 H - the +1 shortbow of Midnight {freeze, rN++ Dex+5}
   (You found it in a bailey)

   Dex:       It affects your dexterity (+5).
   rN:        It greatly protects you from negative energy.
 M - the cursed +9 mace "Restrained Insecurity" (weapon) {flame, rC++, Range, Self}
   (You bought it in a shop on level 10 of the Dungeon)

   rC:        It greatly protects you from cold.
   It has a curse which improves the following skills: Ranged Combat: Ranged
   Weapons and Throwing.
   Introspection: Fighting and Spellcasting.
 Q - the +6 mace of Iroiniet {heavy, Int+5}
   (You found it in a Gauntlet)

   Int:       It affects your intelligence (+5).
Armour
 c - the cursed +2 helmet of the Bound Sage (worn) {Self, Evo}
   (You found it on level 3 of the Shoals)

   It has a curse which improves the following skills: Introspection: Fighting
   and Spellcasting.
   Evocations: Evocations.
 i - a +1 robe of the Archmagi
 q - the cursed +1 cloak "Bound Suspicion" (worn) {Self, Fort}
   (You found it on level 3 of the Dungeon)

   It has a curse which improves the following skills: Introspection: Fighting
   and Spellcasting.
   Fortitude: Armour and Shields.
 L - the cursed +0 troll leather armour of Ashenzari's Urgency (worn) {Regen+, Range, Evo}
   (You found it on level 11 of the Dungeon)

   Regen:     It increases your rate of health regeneration.
   It has a curse which improves the following skills: Ranged Combat: Ranged
   Weapons and Throwing.
   Evocations: Evocations.
 Y - the cursed +1 buckler of Curses and Power (worn) {rC+, Self, Fort}
   (You found it in an ice cave)

   It has a curse which improves the following skills: Introspection: Fighting
   and Spellcasting.
   Fortitude: Armour and Shields.
 Z - the cursed +2 pair of gloves "Shackled With Me" (worn) {Stlth+, Self, Melee}
   (You found it on level 4 of the Spider Nest)

   It has a curse which improves the following skills: Introspection: Fighting
   and Spellcasting.
   Melee Combat: Short Blades, Long Blades, Axes, Maces & Flails, Polearms,
   Staves and Unarmed Combat.
Jewellery
 d - a ring of willpower
 v - a +5 ring of evasion
 G - the cursed ring "Doubts of Ashenzari" (right hand) {Str+6, Melee, Range}
   (You found it in a bailey)

   [ring of strength]

   Str:       It affects your strength (+6).
   It has a curse which improves the following skills: Melee Combat: Short
   Blades, Long Blades, Axes, Maces & Flails, Polearms, Staves and Unarmed
   Combat.
   Ranged Combat: Ranged Weapons and Throwing.
 P - a +6 ring of intelligence
 R - the cursed ring of Ashenzari's Seer (left hand) {Wiz Str-5 Int+3 Slay+2, Self, Melee}
   (You found it in a Gauntlet)

   [ring of wizardry]

   It improves your spell success rate.
   Str:       It affects your strength (-5).
   Int:       It affects your intelligence (+3).
   Slay:      It affects your accuracy & damage with ranged weapons and melee
   (+2).
   It has a curse which improves the following skills: Introspection: Fighting
   and Spellcasting.
   Melee Combat: Short Blades, Long Blades, Axes, Maces & Flails, Polearms,
   Staves and Unarmed Combat.
 S - a +6 ring of intelligence
 T - the amulet "Uso Iros" (around neck) {rPois rN+ Regen+ MP-9 Dex+2}
   (You acquired it on level 2 of the Spider Nest)

   [amulet of regeneration]

   Dex:       It affects your dexterity (+2).
   rPois:     It protects you from poison.
   rN:        It protects you from negative energy.
   MP:        It affects your magic capacity (-9).
   Regen:     It increases your rate of health regeneration.
 U - the ring "Geagonux" {rCorr Str+3}
   (You found it on level 3 of the Crypt)

   [ring of resist corrosion]

   Str:       It affects your strength (+3).
   rCorr:     It protects you from acid and corrosion.
 X - the ring of Feqy {rPois rC+ Str+2 Stlth+}
   (You found it in an ice cave)

   [ring of protection from cold]

   Str:       It affects your strength (+2).
   rC:        It protects you from cold.
   rPois:     It protects you from poison.
   Stlth:     It makes you more stealthy.
Wands
 a - a wand of roots (43)
 k - a wand of flame (56)
 A - a wand of digging (4)
 E - a wand of paralysis (17)
 J - a wand of mindburst (13)
 O - a wand of light (17)
Scrolls
 b - 10 scrolls of blinking
 f - 11 scrolls of fog
 j - 9 scrolls of poison
 l - 2 scrolls of magic mapping
 s - 9 scrolls of enchant armour
 t - 15 scrolls of teleportation
 u - 4 scrolls of noise
 x - 8 scrolls of vulnerability
 y - 12 scrolls of fear
 D - 3 scrolls of torment
 F - a scroll of silence
 I - 2 scrolls of summoning
 K - 8 scrolls of immolation
 N - 6 scrolls of enchant weapon
Potions
 e - 12 potions of mutation
 g - 16 potions of haste
 h - 10 potions of cancellation
 m - 26 potions of curing
 n - 7 potions of berserk rage
 o - 13 potions of brilliance
 p - 12 potions of ambrosia
 r - 7 potions of might
 w - 6 potions of resistance
 z - 10 potions of lignification
 B - 5 potions of attraction
 C - 13 potions of heal wounds
 W - 3 potions of invisibility


   Skills:
 - Level 20.5(26.9) Fighting
 + Level 16.6(19.6) Armour
 + Level 21.7 Dodging
 - Level 1.5 Stealth
 - Level 14.0(17.0) Shields
 - Level 16.7(23.2) Spellcasting


You knew the following spells:

 Your Spells              Type           Power      Damage    Failure   Level
a - Magic Dart            Conj           100%       1d8       0%          1
b - Searing Ray           Conj           100%       2d8       0%          2
c - Dazzling Flash        Conj/Hex       100%       N/A       0%          3
d - Fulminant Prism       Conj/Hex       56%        3d24      0%          4
e - Iskenderun's Mystic   Conj/Tloc      100%       2d19      0%          4
f - Sandblast             Erth           100%       2d20      0%          1
g - Blink                 Tloc           100%       N/A       0%          2
h - Mephitic Cloud        Conj/Pois/Air  100%       N/A       0%          3
i - Confusing Touch       Hex            100%       N/A       0%          3
j - Yara's Violent Unrav  Hex/Tmut       56%        3d21      0%          5
k - Blade Hands           Tmut           56%        N/A       0%          5
l - Death Channel         Necr           67%        N/A       0%          6
m - Eringya's Noxious Bo  Tmut/Pois      56%        N/A       0%          6
n - Haunt                 Necr/Summ      67%        N/A       1%          7
o - Necromutation         Tmut/Necr      67%        N/A       1%          8
p - Disjunction           Tloc           56%        N/A       1%          8
Your spell library was empty.

Dungeon Overview and Level Annotations

Branches:
Dungeon (15/15)            Temple (1/1) D:5            Lair (5/5) D:9
 Shoals (4/4) Lair:2       Spider (4/4) Lair:3        Slime (5/5) Lair:4
    Orc (2/2) D:10            Elf (0/3) Orc:2        Vaults (4/5) D:13
  Crypt (3/3) Vaults:2       Tomb (0/3) Crypt:3      Depths (0/4) D:15
Ossuary (visited)          Bailey (visited)           IceCv (visited)
Volcano (visited)         Gauntlet (visited)

Altars:
Ashenzari
Cheibriados
Dithmenos
Elyvilon
Fedhas
Gozag
Hepliaklqana
Makhleb
Nemelex Xobeh
Okawaru
Qazlal
Ru
Trog
Uskayaw
Wu Jian
Xom
Yredelemnul
Zin
The Shining One
Jiyva

Shops:
D:6 (   D:10 ([   D:12 (   D:13 [   Orc:1 :   Orc:2 [*?(   Shoals:1 (
Shoals:3 =   Vaults:3 ?

Annotations:
Slime:5 Royal Jelly
Vaults:4 3 runed translucent doors, vegansnacktivist's ghost, adept DDFi


Innate Abilities, Weirdness & Mutations

You are an undead lich.
Your unarmed attacks are suffused with negative energy.
You are immune to unholy pain and torment.
Your necromantic spells are more powerful.
You cannot drink.
You are flying.
You are immune to sickness and miasma.
You are immune to poison.
Your flesh is very heat resistant. (rF++)
You are vulnerable to cold. (rC-)
You float through the air rather than walking.
You learn spells naturally, not from books.
Your magical power is your life essence.
You have superior vitality. (+4 MHP)


Message History

* * * LOW HITPOINT WARNING * * *
Your phantasmal warrior disappears in a puff of smoke!
The azure jelly hits your shadow wraith but does no damage. x2
The azure jelly hits your shadow wraith. x2
Your shadow wraith hits the azure jelly but does no damage.
Unknown command.
Unknown command.
Unknown command.
As you read the scroll of teleportation, it crumbles to dust.
You feel strangely unstable.
Your wraith disappears in a puff of smoke!
The azure jelly barely misses your shadow wraith.
The azure jelly hits your shadow wraith.
The azure jelly freezes your shadow wraith!!!
The azure jelly hits your shadow wraith but does no damage.
The azure jelly hits your shadow wraith.
Your wraith hits the azure jelly.
Your wraith drains the azure jelly's vigour!
The azure jelly seems to slow down.
Your shadow wraith hits the azure jelly!
The azure jelly dies!
Unknown command.
Casting: Haunt (safe; 1% risk of failure)
Confirm with . or Enter, or press ? or * to list all spells.
Aiming: Haunt (safe; 1% risk of failure)
Press: ? - help, Dir - move target, f - acid blob, p - slime creature
Aim: an acid blob (ally target)
You feel a surge of power!
Insubstantial figures form in the air.
* * * LOW HITPOINT WARNING * * *
Your freezing wraith disappears in a puff of smoke!
Your wraith disappears in a puff of smoke!
The acid blob spits acid at you. The splash of acid hits your wraith!
The slime creature hits your wraith.
Unknown command.
Unknown command.
Unknown command.
Your wraith disappears in a puff of smoke! x2
The acid blob spits acid at you. The splash of acid hits you!!
You die...

* , , , , ,,,,, ,
*.............., ** ,*
* ............. ,*
*................##*,*
*
,................####
,*#................#.#
##...............J...
#................J...
#.L................
#.....WJ§..........
####.§.§W..........
###J§WW§.J......
##WWW§.WW.....
#{W..§.......
#....WW§.....
##....W..§...
##......§...


You could see an acid blob (ally target), a slime creature, 2 friendly shadow
wraiths, a friendly phantasmal warrior (summoned) and 5 friendly wraiths.

Vanquished Creatures
  A shard shrike (IceCv)
  Jorgrun (D:12)
  Zenata (Vaults:3)
  Rupert (Lair:3)
  3 acid blobs
  Agnes (Spider:2)
  4 krakens
  A rockslime (Slime:3)
  2 azure jellies
  2 vault wardens
  2 ghost moths (Spider:4)
  An orc warlord (Bailey)
  An emperor scorpion (Spider:3)
  A juggernaut zombie (D:15)
  A reaper (Crypt:3)
  2 quicksilver oozes (Slime:4)
  3 ironbound thunderhulks
  A stone giant (Volcano)
  3 ironbound preservers
  A very ugly thing (D:13)
  A vampire knight (Crypt:2)
  2 broodmothers (Spider:4)
  A minotaur (Gauntlet)
  3 dire elephants
  2 spark wasps
  A white draconian (IceCv)
  An ettin (Orc:2)
  11 merfolk impalers
  An ettin (shapeshifter) (D:13)
  4 merfolk javelineers (Shoals:4)
  3 yaktaur captains
  A great orb of eyes (Gauntlet)
  An entropy weaver (Spider:2)
  Harold (Lair:2)
  10 vault guards
  2 ogre magi
  8 hydras
  A jorogumo (Spider:4)
  7 ironbound frosthearts
  4 radroaches (Spider:3)
  9 centaur warriors
  2 merfolk avatars (Shoals:4)
  3 two-headed ogres
  A death knight (D:14)
  2 merfolk aquamancers (Shoals:3)
  An alligator snapping turtle (Shoals:4)
  3 catoblepae
  Erica (D:10)
  5 boulder beetles
  2 orc high priests (Orc:2)
  2 satyrs (Shoals:3)
  4 tengu warriors
  2 hell knights (Vaults:3)
  A storm dragon zombie (D:15)
  3 skeletal warriors
  4 skysharks
  A pharaoh ant (Spider:4)
  3 orb spiders (Spider:4)
  13 deep trolls
  12 sea snakes
  An ironbound convoker (Vaults:4)
  A spriggan simulacrum (Crypt:2)
  2 harpies (Shoals:4)
  2 lindwurms (Vaults:2)
  4 steelbarb worms
  An orange crystal statue (IceCv)
  2 wizards (Vaults:1)
  4 phantasmal warriors
  7 orc sorcerers
  24 ugly things
  3 orc knights
  3 necromancers
  A fenstrider witch simulacrum (Crypt:2)
  10 wolf spiders
  13 manticores
  Joseph (D:9)
  6 cyclopes
  14 fauns
  A frost giant skeleton (D:15)
  2 moths of wrath
  2 black mambas
  8 merfolk sirens
  7 elephants
  3 gargoyles
  An ice statue (Spider:1)
  3 demonic crawlers (Spider:1)
  4 water nymphs
  A molten gargoyle (Volcano)
  12 cane toads
  2 torpor snails
  An unseen horror (shapeshifter) (D:13)
  An unseen horror (D:11)
  A rime drake (shapeshifter) (D:14)
  15 rime drakes
  A sea snake zombie (Crypt:3)
  6 komodo dragons
  A komodo dragon (shapeshifter) (D:13)
  2 yaktaurs
  2 efreet
  2 kobold demonologists (D:11)
  3 tengu conjurers
  A redback zombie (Crypt:1)
  3 freezing wraiths (D:14)
  8 trolls
  21 polar bears
  2 hornets
  19 merfolk
  A queen bee (D:10)
  A queen bee (shapeshifter) (D:15)
  Prince Ribbit (D:7)
  2 meliai (Spider:1)
  16 tarantellas
  3 wind drakes
  18 blink frogs
  2 dream sheep
  10 jumping spiders
  6 snapping turtles
  41 slime creatures
  A centaur simulacrum (Crypt:2)
  A spriggan zombie (D:15)
  A spriggan (shapeshifter) (D:14)
  2 shadows
  A hog (shapeshifter) (D:14)
  9 culicivoras
  Sigmund (D:2)
  2 water elementals
  A wyvern (Lair:4)
  28 yaks
  A naga simulacrum (Crypt:3)
  2 fire elementals
  A basilisk (Lair:2)
  2 fire bats (Volcano)
  4 golden eyes (Slime:3)
  2 steam dragons
  21 redbacks
  7 vampire mosquitoes (D:12)
  Menkaure (D:7)
  3 wargs
  An acid dragon (D:13)
  Edmund (D:6)
  15 water moccasins
  Duvessa (D:6)
  3 hell hounds (Gauntlet)
  A floating eye (shapeshifter) (D:13)
  21 orc warriors
  4 black bears
  3 ice beasts
  An ice beast (shapeshifter) (D:13)
  3 hornet zombies (Ossuary)
  3 wolves (Lair:5)
  A boggart (D:13)
  12 ogres
  12 centaurs
  4 phantoms
  2 kobold brigands (D:11)
  7 bullfrogs
  4 scorpions
  2 earth elementals (Volcano)
  A gnoll sergeant (D:6)
  A water moccasin zombie (Ossuary)
  11 wights
  Dowan (D:6)
  2 vampire bats (Orc:1)
  23 killer bees
  A shapeshifter skeleton (Crypt:1)
  6 howler monkeys
  5 lava snakes (Volcano)
  4 bullfrog zombies (Ossuary)
  9 jellies
  2 centaur zombies (Ossuary)
  A gnoll bouda (D:9)
  Crazy Yiuf (D:2)
  12 orc priests
  2 hounds
  Jessica (D:2)
  3 iguanas (D:6)
  13 orc wizards
  3 sleepcaps
  3 killer bee zombies (Ossuary)
  18 mummies
  A howler monkey zombie (Ossuary)
  10 gnolls
  17 adders
  3 shadow imps
  2 white imps (D:6)
  2 ufetubi
  A worm (D:2)
  A dart slug (D:3)
  61 orcs
  7 bats
  6 endoplasms
  6 giant cockroaches
  9 goblins
  10 hobgoblins
  7 jackals
  18 kobolds
  2 quokkas
  4 ball pythons
  A ball python skeleton (Crypt:2)
  2 hobgoblin zombies (D:8)
  2 kobold zombies (D:8)
  4 rats
  A fulminant prism (D:15)
  2 tentacles
1001 creatures vanquished.

Vanquished Creatures (collateral kills)
  3 ancient liches (Crypt:3)
  Josephina (Crypt:2)
  Margery (Vaults:3)
  A curse toe (Crypt:3)
  Nikola (D:13)
  A bone dragon (Crypt:3)
  A lich (Crypt:3)
  A titan (Vaults:4)
  3 acid blobs
  A sphinx (Vaults:3)
  4 ancient champions
  A shadow dragon (Vaults:4)
  The ghost of Meoqees the Peltast, an adept MiFi of Okawaru (Shoals:2)
  A revenant (Crypt:1)
  5 rockslimes
  5 azure jellies
  2 ghost moths
  3 vault wardens
  An emperor scorpion (Spider:4)
  A curse skull (Crypt:1)
  7 ironbound preservers
  5 very ugly things
  A war gargoyle (Vaults:1)
  3 quicksilver oozes
  A reaper (Crypt:3)
  3 ironbound thunderhulks
  An orc warlord (Vaults:2)
  The ghost of kazak the Destroyer, a journeyman OpFE of Sif Muna (Orc:1)
  12 dire elephants
  2 spark wasps (Spider:4)
  2 deep elf death magi
  2 crystal guardians
  A merfolk javelineer (Shoals:4)
  A mummy priest (Crypt:1)
  5 merfolk impalers
  2 ettins (Vaults:2)
  4 jiangshi
  3 eidola (Crypt:3)
  5 great orbs of eyes
  9 yaktaur captains
  4 peacekeepers
  6 ironbound frosthearts
  3 vault guards
  A centaur warrior (Vaults:2)
  A spriggan skeleton (Crypt:3)
  A ghost crab (Crypt:1)
  3 death knights
  2 titan zombies
  3 vampire magi
  3 death yaks (Lair:5)
  A deep troll shaman (Lair:5)
  An orc high priest (Orc:2)
  3 hell knights (Vaults:3)
  A skyshark (Shoals:2)
  A titan skeleton (Crypt:1)
  5 soul eaters
  11 skeletal warriors
  2 sea snakes
  4 pharaoh ants (Spider:4)
  18 deep trolls
  4 shadow wraiths
  An anaconda zombie (Crypt:1)
  2 sun moths
  5 orb spiders
  2 flayed ghosts
  A spriggan simulacrum (Crypt:1)
  9 ironbound convokers
  6 lindwurms
  A fenstrider witch simulacrum (Crypt:3)
  5 wizards
  A steelbarb worm (Spider:4)
  5 orc knights
  A bunyip skeleton (Crypt:3)
  A wolf spider zombie (Crypt:2)
  4 phantasmal warriors
  5 necromancers
  7 harpies
  7 fauns
  A jorogumo zombie (Crypt:2)
  4 wolf spiders
  6 manticores
  11 ugly things
  2 stone giant zombies (Crypt:1)
  A goliath frog skeleton (Crypt:3)
  4 shining eyes
  A fire giant zombie (Crypt:1)
  A moth of wrath (Spider:4)
  2 elephants (Lair:5)
  A sphinx skeleton (Crypt:2)
  2 merfolk sirens
  14 vault sentinels
  3 water nymphs
  3 eyes of devastation
  A centaur zombie (Crypt:3)
  2 dire elephant zombies
  3 cane toads (Lair:5)
  An orc skeleton (Crypt:3)
  A torpor snail (Spider:4)
  2 centaur skeletons (Crypt:3)
  2 komodo dragons (Lair:5)
  2 freezing wraiths
  17 yaktaurs
  A redback zombie (Crypt:3)
  An anaconda simulacrum (Crypt:2)
  8 merfolk
  4 hornets (Spider:4)
  A meliai (Spider:1)
  2 harpy zombies (Crypt:1)
  A guardian mummy (Crypt:1)
  A wind drake (Shoals:1)
  2 harpy skeletons
  3 snapping turtles (Shoals:4)
  A dream sheep (Shoals:3)
  4 tarantellas
  A hydra skeleton (Crypt:3)
  5 blink frogs (Lair:5)
  53 slime creatures
  2 flying skulls (Crypt:3)
  6 culicivoras
  5 jumping spiders
  A guardian serpent skeleton (Crypt:3)
  4 water elementals (Shoals:3)
  An ushabti (Crypt:1)
  3 wraiths
  A slime creature zombie (Crypt:2)
  7 yaks (Lair:5)
  7 golden eyes
  13 redbacks
  A harpy simulacrum (Crypt:2)
  A warg (Orc:2)
  A water moccasin (Lair:5)
  An orc warrior (Orc:2)
  A black bear (Lair:5)
  A naga skeleton (Crypt:3)
  A glowing shapeshifter skeleton (Crypt:3)
  An elephant zombie (Crypt:1)
  A wolf (Lair:5)
  A komodo dragon skeleton (Crypt:1)
  A queen bee zombie (Crypt:3)
  A yak zombie (Crypt:1)
  An electric eel (Spider:3)
  A troll skeleton (Crypt:2)
  A lava snake (Volcano)
  A basilisk skeleton (Crypt:2)
  3 orc wizards
  A killer bee zombie (Crypt:3)
  A howler monkey zombie (Crypt:2)
  6 orcs
  2 bats (Orc:1)
  A ball python zombie (Crypt:3)
  5 tentacles (Shoals:4)
509 creatures vanquished.

Vanquished Creatures (others)
  A manticore (Shoals:2)
  A yaktaur (Vaults:1)
  A bat (Orc:1)
  771 fulminant prisms
  47 tentacles
821 creatures vanquished.

Grand Total: 2331 creatures vanquished

Notes
Turn   | Place    | Note
-------+----------+-------------------------------------------
     0 | D:1      | cforsyth the Djinni Conjurer began the quest for the Orb.
     0 | D:1      | cforsyth set off with the following spells memorised: Magic
                  | Dart, Searing Ray, Dazzling Flash, Fulminant Prism,
                  | Iskenderun's Mystic Blast.
     0 | D:1      | Reached XP level 1. HP: 15/15 MP: 0/0
    15 | D:1      | You are sucked into a shaft and drop 1 floor!
   228 | D:1      | Reached XP level 2. HP: 21/21 MP: 0/0
   961 | D:1      | Found a faded altar of an unknown god.
  1179 | D:2      | Reached XP level 3. HP: 22/25 MP: 0/0
  1179 | D:2      | Learned a level 1 spell: Sandblast
  1194 | D:2      | Noticed Sigmund
  1200 | D:2      | Killed Sigmund
  1201 | D:2      | Reached skill level 5 in Spellcasting
  1201 | D:2      | Reached XP level 4. HP: 25/31 MP: 0/0
  1201 | D:2      | Reached XP level 5. HP: 29/35 MP: 0/0
  1201 | D:2      | Learned a level 2 spell: Blink
  1278 | D:2      | Reached XP level 6. HP: 29/40 MP: 0/0
  1598 | D:2      | Noticed Jessica
  1600 | D:2      | Killed Jessica
  2214 | D:2      | Found a runed translucent door.
  2215 | D:2      | Noticed Crazy Yiuf
  2224 | D:2      | Killed Crazy Yiuf
  2310 | D:3      | Found a glowing golden altar of the Shining One.
  3255 | D:4      | Found a bloodstained altar of Trog.
  3322 | D:4      | Reached XP level 7. HP: 42/45 MP: 0/0
  3322 | D:4      | Learned a level 3 spell: Mephitic Cloud
  3546 | D:4      | Found a blossoming altar of Fedhas.
  3750 | D:5      | Entered Level 5 of the Dungeon
  4062 | D:5      | Noticed a troll
  4071 | D:5      | Killed a troll
  4072 | D:5      | Reached XP level 8. HP: 13/55 MP: 0/0
  4819 | D:5      | Found a sparkling altar of Nemelex Xobeh.
  4821 | D:5      | Found a glowing silver altar of Zin.
  4975 | D:5      | Found a staircase to the Ecumenical Temple.
  5196 | D:6      | Reached XP level 9. HP: 43/63 MP: 0/0
  5196 | D:6      | Learned a level 3 spell: Confusing Touch
  5436 | D:6      | Found Osairenwer's Weapon Shop.
  5484 | D:6      | Reached skill level 5 in Fighting
  5533 | D:6      | Noticed Edmund
  5540 | D:6      | Killed Edmund
  5547 | D:6      | Noticed Duvessa
  5553 | D:6      | Killed Duvessa
  5554 | D:6      | Noticed Dowan
  5558 | D:6      | Killed Dowan
  5947 | D:6      | Reached XP level 10. HP: 42/75 MP: 0/0
  6332 | D:6      | Found a hide-covered altar of Uskayaw.
  6447 | Temple   | Entered the Ecumenical Temple
  6712 | D:6      | Found a burning altar of Makhleb.
  6905 | D:7      | Noticed Prince Ribbit
  6907 | D:7      | Found a snail-covered altar of Cheibriados.
  6946 | D:7      | Found a sand-covered staircase.
  6950 | Ossuary  | Entered an ossuary
  8069 | D:7      | Killed Prince Ribbit
  8195 | D:7      | Noticed Menkaure
  8203 | D:7      | Killed Menkaure
  8693 | D:7      | Reached skill level 10 in Spellcasting
  9411 | D:8      | Reached XP level 11. HP: 81/84 MP: 0/0
  9411 | D:8      | Learned a level 5 spell: Yara's Violent Unravelling
  9712 | D:9      | Reached skill level 10 in Fighting
  9783 | D:9      | Found a flagged portal.
  9890 | Bailey   | Entered a bailey
 10071 | Bailey   | Noticed an orc warlord
 10228 | Bailey   | Found a runed translucent gate.
 10231 | Bailey   | Found a runed translucent gate.
 10233 | Bailey   | Found a runed translucent gate.
 10372 | Bailey   | Killed an orc warlord
 10528 | Bailey   | Identified the +1 shortbow of Midnight {freeze, rN++ Dex+5}
 10537 | D:9      | Acquired 899 gold pieces
 10626 | D:9      | Found a broken altar of Ashenzari.
 10661 | D:9      | Became a worshipper of Ashenzari the Shackled
 10682 | D:9      | Found a staircase to the Lair.
 10742 | D:9      | Noticed Joseph
 10758 | D:9      | Killed Joseph
 11100 | D:9      | Found a transporter.
 11363 | D:10     | Entered Level 10 of the Dungeon
 11685 | D:10     | Identified the +12 plate armour "Joqisch" {+Inv rF+ rC+
                  | Will-}
 11693 | D:10     | Noticed Erica
 11695 | D:10     | Noticed a two-headed ogre
 11703 | D:10     | Killed a two-headed ogre
 11704 | D:10     | Reached XP level 12. HP: 24/95 MP: 0/0
 11705 | D:10     | Killed Erica
 12101 | D:10     | Found Isionyev's Armour Emporium.
 12101 | D:10     | Found a staircase to the Orcish Mines.
 12101 | D:10     | Found Ysoq Wer's Weapon Emporium.
 12716 | D:10     | Bought the +9 mace of Qaerhy {flame, rC++} for 973 gold
                  | pieces
 12756 | D:11     | Reached * piety under Ashenzari
 13080 | D:11     | Noticed a soul eater
 13316 | D:11     | Reached ** piety under Ashenzari
 13564 | D:12     | Found Riuraumm's Antique Weapon Emporium.
 13590 | D:12     | Noticed a two-headed ogre
 13603 | D:12     | Killed a two-headed ogre
 13757 | D:12     | Reached XP level 13. HP: 105/106 MP: 0/0
 13757 | D:12     | Learned a level 5 spell: Blade Hands
 13785 | D:12     | Reached *** piety under Ashenzari
 13965 | D:12     | Noticed Jorgrun
 13980 | D:12     | Killed Jorgrun
 14246 | D:13     | Found a gate leading to a gauntlet.
 14253 | Gauntlet | Entered a Gauntlet
 14253 | Gauntlet | Found a transporter.
 14262 | Gauntlet | Found a transporter.
 14266 | Gauntlet | Noticed a great orb of eyes
 14279 | Gauntlet | Found a transporter.
 14283 | Gauntlet | Found a transporter.
 14285 | Gauntlet | Found a large runed translucent door.
 14286 | Gauntlet | Found a large runed translucent door.
 14287 | Gauntlet | Found a large runed translucent door.
 14287 | Gauntlet | Found a large runed translucent door.
 14287 | Gauntlet | Found a runed translucent door.
 14288 | Gauntlet | Found a large runed translucent door.
 14289 | Gauntlet | Found a large runed translucent door.
 14290 | Gauntlet | Found a large runed translucent door.
 14290 | Gauntlet | Found a large runed translucent door.
 14291 | Gauntlet | Found a runed translucent gate.
 14293 | Gauntlet | Identified the ring "Topo" {Wiz Str-5 Int+3 Slay+2}
 14304 | Gauntlet | Found a transporter.
 14304 | Gauntlet | Found a runed translucent gate.
 14305 | Gauntlet | Found a runed translucent gate.
 14307 | Gauntlet | Found a large runed translucent door.
 14308 | Gauntlet | Found a large runed translucent door.
 14314 | Gauntlet | Found a runed translucent door.
 14314 | Gauntlet | Noticed a dire elephant
 14318 | Gauntlet | Found a large runed translucent door.
 14319 | Gauntlet | Found a transporter.
 14321 | Gauntlet | Found a large runed translucent door.
 14322 | Gauntlet | Found a large runed translucent door.
 14322 | Gauntlet | Found a large runed translucent door.
 14322 | Gauntlet | Found a runed translucent door.
 14323 | Gauntlet | Found a large runed translucent door.
 14324 | Gauntlet | Found a large runed translucent door.
 14328 | Gauntlet | Found a transporter.
 14329 | Gauntlet | Found a transporter.
 14330 | Gauntlet | Identified the +6 mace of Iroiniet {heavy, Int+5}
 14331 | Gauntlet | Identified the +0 pair of boots of Ysutzudu {rN++ Str-5}
 14337 | Gauntlet | Noticed an entropy weaver
 14357 | Gauntlet | Found a transporter.
 14358 | Gauntlet | Noticed a catoblepas
 14378 | Gauntlet | Found a transporter.
 14378 | Gauntlet | Found a transporter.
 14389 | Gauntlet | Found the +10 dark maul {heavy}
 14399 | Gauntlet | Found a transporter.
 14410 | Gauntlet | Identified the +0 helmet of the Armadillo {rElec rCorr
                  | Int-4}
 14608 | Gauntlet | Killed a great orb of eyes
 14931 | Gauntlet | Identified the +0 helmet of the Hall of Blades {Dex+4}
 14931 | Gauntlet | Noticed a minotaur
 14938 | Gauntlet | Killed a minotaur
 15077 | D:13     | Found a gate to the Vaults.
 15077 | D:13     | Noticed a vault guard
 15077 | D:13     | Noticed a vault guard
 15077 | D:13     | Noticed a vault guard
 15077 | D:13     | Noticed a vault guard
 15077 | D:13     | Noticed a vault guard
 15077 | D:13     | Noticed a vault guard
 15086 | D:13     | Killed a vault guard
 15089 | D:13     | Killed a vault guard
 15095 | D:13     | Killed a vault guard
 15098 | D:13     | Killed a vault guard
 15100 | D:13     | Noticed a vault guard
 15107 | D:13     | Noticed a vault guard
 15110 | D:13     | Killed a vault guard
 15113 | D:13     | Killed a vault guard
 15121 | D:13     | Killed a vault guard
 15125 | D:13     | Killed a vault guard
 15357 | Lair:1   | Entered Level 1 of the Lair of Beasts
 15552 | D:6      | Reached **** piety under Ashenzari
 16391 | Lair:2   | Reached skill level 15 in Fighting
 16527 | Lair:2   | Found a staircase to the Shoals.
 16527 | Lair:2   | Noticed an eight-headed hydra
 16533 | Lair:2   | Reached XP level 14. HP: 106/117 MP: 0/0
 16958 | Lair:2   | Noticed Harold
 16967 | Lair:2   | Killed Harold
 17742 | Lair:3   | Noticed Rupert
 17757 | Lair:3   | Paralysed by Rupert for 5 turns
 17757 | Lair:3   | Killed Rupert
 17801 | Lair:3   | Reached ***** piety under Ashenzari
 17834 | Lair:3   | Found a hole to the Spider Nest.
 17921 | Lair:3   | Reached skill level 1 in Shields
 17947 | Lair:3   | Reached skill level 3 in Dodging
 18007 | Lair:3   | Identified the +0 leather armour "Tubiec" {Will- Int+5
                  | Dex+2 SInv}
 18758 | Lair:4   | Reached skill level 4 in Dodging
 18975 | Lair:4   | Found a staircase to the Slime Pits.
 19002 | Lair:4   | Found a viscous altar of Jiyva.
 19202 | Lair:5   | Entered Level 5 of the Lair of Beasts
 19402 | Lair:5   | Reached skill level 5 in Dodging
 19438 | Lair:5   | Reached XP level 15. HP: 129/130 MP: 0/0
 19438 | Lair:5   | Learned a level 6 spell: Death Channel
 19564 | Lair:5   | Identified the +0 scale mail of Barothr Xyewn {Rampage
                  | rElec Dex-3 Stlth+}
 19640 | Lair:5   | Reached skill level 6 in Dodging
 19644 | Lair:5   | Reached skill level 5 in Shields
 19803 | Lair:5   | Reached ****** piety under Ashenzari
 20237 | Lair:5   | Reached skill level 7 in Dodging
 20485 | Orc:1    | Entered Level 1 of the Orcish Mines
 20527 | Orc:1    | Found a dark tunnel.
 20532 | Volcano  | Entered a volcano
 20614 | Volcano  | Found a burning altar of Makhleb.
 20623 | Volcano  | Noticed a stone giant
 20636 | Volcano  | Killed a stone giant
 20637 | Volcano  | Reached skill level 15 in Spellcasting
 21165 | Orc:1    | Found Rynouc's Self-Improvement Boutique.
 21195 | Orc:1    | Bought a manual of Fighting for 1040 gold pieces
 21331 | Orc:1    | Found a runed translucent gate.
 21331 | Orc:1    | Found a runed translucent gate.
 21331 | Orc:1    | Found a runed translucent gate.
 21331 | Orc:1    | Noticed kazak's ghost (journeyman OpFE)
 21331 | Orc:1    | Identified the +1 helmet of Sin {rC- Int+4}
 21449 | Orc:2    | Entered Level 2 of the Orcish Mines
 21449 | Orc:2    | Found a staircase to the Elven Halls.
 21789 | Orc:2    | Reached skill level 8 in Dodging
 21843 | Orc:2    | Found Moenimyl's Magic Scroll Boutique.
 21843 | Orc:2    | Found Yjung's Weapon Emporium.
 21845 | Orc:2    | Found Massaxie's Assorted Antiques.
 21845 | Orc:2    | Found Esedo's Armour Boutique.
 22862 | D:13     | Identified the +6 mace of the Two Names {freeze, Fly rPois
                  | Str+4}
 22895 | D:13     | Found a runed translucent door.
 22896 | D:13     | Found a runed translucent door.
 22897 | D:13     | Found a runed translucent door.
 22924 | D:13     | Reached XP level 16. HP: 107/140 MP: 0/0
 22968 | D:13     | Reached skill level 9 in Dodging
 23216 | D:13     | Found Ronwif's Antique Armour Shoppe.
 23538 | D:13     | Identified the +2 halberd of the Conjuring Puffin {protect,
                  | Fly Int+4}
 23693 | D:13     | Identified the +2 pair of boots of the World {rPois Str+6
                  | Dex-5 Stlth+}
 24013 | D:14     | Reached skill level 10 in Dodging
 24726 | D:15     | Entered Level 15 of the Dungeon
 24917 | D:15     | Reached skill level 11 in Dodging
 25519 | D:15     | Reached XP level 17. HP: 146/147 MP: 0/0
 25519 | D:15     | Learned a level 6 spell: Eringya's Noxious Bog
 25540 | D:15     | Found a staircase to the Depths.
 25959 | Spider:1 | Entered Level 1 of the Spider Nest
 26036 | Spider:1 | Found a frozen archway.
 26063 | IceCv    | Entered an ice cave
 26237 | IceCv    | Reached skill level 12 in Dodging
 26878 | IceCv    | Identified the ring of Feqy {rPois rC+ Str+2 Stlth+}
 26892 | IceCv    | Noticed a shard shrike
 26896 | IceCv    | Killed a shard shrike
 27003 | IceCv    | Reached skill level 13 in Dodging
 27162 | IceCv    | Identified Sif Muna's Papyrus of Algor and the Excursion
 28705 | Spider:2 | Noticed Agnes
 28712 | Spider:2 | Killed Agnes
 28713 | Spider:2 | Reached skill level 1 in Armour
 28817 | Spider:2 | Identified the cursed +0 pair of gloves of the Eye in the
                  | Sky {Fort, Cun} (You found it on level 1 of the Dungeon)
 28817 | Spider:2 | Identified the cursed +1 buckler of Curses and Power {rC+,
                  | Self, Fort} (You found it in an ice cave)
 29852 | Spider:3 | Identified the +0 leather armour "Juhonk" {rElec Str-2
                  | Dex+3}
 30201 | Spider:4 | Entered Level 4 of the Spider Nest
 30206 | Spider:4 | Reached skill level 14 in Dodging
 30206 | Spider:4 | Reached XP level 18. HP: 142/158 MP: 0/0
 30341 | Spider:4 | Reached skill level 5 in Armour
 30926 | Spider:4 | Got a gossamer rune of Zot
 31134 | Shoals:1 | Entered Level 1 of the Shoals
 31141 | Shoals:1 | Reached skill level 15 in Dodging
 31517 | Shoals:1 | Found Diobibye's Antique Weapon Shoppe.
 31536 | Shoals:1 | Bought a translucent rapier for 279 gold pieces
 31536 | Shoals:1 | Identified the +8 rapier "Biestree" {holy, Fly rElec rCorr
                  | Int-5} (You bought it in a shop on level 1 of the Shoals)
 31985 | Shoals:2 | Found a transporter.
 32016 | Shoals:2 | Found a transporter.
 32022 | Shoals:2 | Found a bloodstained altar of Trog.
 32218 | Shoals:2 | Noticed Meoqees's ghost (adept MiFi)
 32349 | Shoals:2 | Reached XP level 19. HP: 130/171 MP: 0/0
 32349 | Shoals:2 | Learned a level 7 spell: Haunt
 33212 | Shoals:3 | Found Peilagh's Jewellery Shoppe.
 33300 | Shoals:3 | Reached skill level 16 in Dodging
 33310 | Shoals:3 | Identified the cursed +2 pair of gloves "Shackled With Me"
                  | {Stlth+, Self, Melee} (You found it on level 4 of the
                  | Spider Nest)
 33927 | Shoals:4 | Entered Level 4 of the Shoals
 34512 | Shoals:4 | Identified the Compilation of the Tempest and Burning
 34648 | Shoals:4 | Identified the +7 chain mail of the Orcish Mines {rF+}
 35167 | Shoals:4 | Got a barnacled rune of Zot
 35259 | Shoals:4 | Identified the +0 plate armour "Aluoj" {Str+2 Slay+2}
 35725 | Vaults:1 | Entered Level 1 of the Vaults
 35725 | Vaults:1 | Noticed Nikola
 35740 | D:13     | Reached skill level 10 in Armour
 36001 | D:13     | Killed Nikola
 36473 | Vaults:1 | Reached XP level 20. HP: 128/180 MP: 0/0
 36526 | Vaults:1 | Reached skill level 17 in Dodging
 37882 | Vaults:2 | Reached skill level 10 in Shields
 37998 | Vaults:2 | Identified the +7 trident "Sydeclig" {antimagic, +Blink
                  | rPois rC- Will+++}
 38375 | Vaults:2 | Found a staircase to the Crypt.
 39153 | Vaults:2 | Reached skill level 18 in Dodging
 39406 | Vaults:3 | Reached XP level 21. HP: 145/187 MP: 0/0
 39406 | Vaults:3 | Learned a level 8 spell: Necromutation
 39741 | Vaults:3 | Noticed Margery
 39778 | Vaults:3 | Killed Margery
 39906 | Vaults:3 | Found Vaire's Magic Scroll Shoppe.
 40043 | Vaults:3 | Noticed Zenata
 40053 | Vaults:3 | Killed Zenata
 41007 | Vaults:4 | Found a runed translucent gate.
 41007 | Vaults:4 | Found a runed translucent gate.
 41007 | Vaults:4 | Found a runed translucent gate.
 41010 | Vaults:4 | Noticed vegansnacktivist's ghost (adept DDFi)
 41090 | Vaults:4 | Reached skill level 19 in Dodging
 42340 | Orc:1    | Killed kazak's ghost
 42631 | Shoals:2 | Killed Meoqees's ghost
 42939 | Crypt:1  | Entered Level 1 of the Crypt
 43140 | Crypt:1  | Reached XP level 22. HP: 180/194 MP: 0/0
 44460 | Crypt:1  | Found a basalt altar of Yredelemnul.
 44560 | Crypt:2  | Identified the staff of cold "Yrirasai" {rC+ rCorr}
 44560 | Crypt:2  | Identified the ring "Reohatt" {Ice Str+2}
 44560 | Crypt:2  | Noticed Josephina
 44581 | Crypt:2  | Killed Josephina
 45150 | Crypt:2  | Identified the +4 great sword of Fae Defiance {heavy, rPois
                  | rC+ Str+4 Dex+3 SInv}
 45387 | Crypt:3  | Entered Level 3 of the Crypt
 45506 | Crypt:3  | Reached skill level 20 in Dodging
 45625 | Crypt:3  | Noticed a curse toe
 45630 | Crypt:3  | Noticed a bone dragon
 45672 | Crypt:3  | Killed a bone dragon
 45688 | Crypt:3  | Killed a curse toe
 45864 | Crypt:3  | Identified the Atlas of the Tektite
 45864 | Crypt:3  | Identified the ring "Geagonux" {rCorr Str+3}
 46407 | Crypt:3  | Found a staircase to the Tomb.
 46599 | Crypt:3  | Noticed an ancient lich
 46599 | Crypt:3  | Noticed an ancient lich
 46602 | Crypt:3  | Noticed an ancient lich
 46657 | Crypt:3  | Reached skill level 15 in Armour
 46892 | Crypt:3  | Killed an ancient lich
 47225 | Crypt:3  | Killed an ancient lich
 47245 | Crypt:3  | Killed an ancient lich
 47583 | Slime:1  | Entered Level 1 of the Pits of Slime
 47762 | Slime:1  | Reached XP level 23. HP: 194/201 MP: 0/0
 47762 | Slime:1  | Learned a level 8 spell: Disjunction
 48232 | Slime:2  | Reached skill level 21 in Dodging
 49772 | Slime:5  | Entered Level 5 of the Pits of Slime
 49863 | Slime:4  | Acquired the amulet "Uso Iros" {rPois rN+ Regen+ MP-9
                  | Dex+2}
 49975 | Slime:5  | Noticed the Royal Jelly
 50380 | Slime:5  | Killed from afar by an acid blob

Illustrated notes

Levels and vault maps discovered:
D:1:      dpeg_arrival_tiny_h, layout_basic,
          shapermc_ecumenical_altar_hornbeckon
D:2:      layout_basic, serial_corexii_hall, chequers_hall_statues_corner_a,
          corexii_hall_statues_x, corexii_hall_statues_i,
          chequers_hall_statues_corner_a, minmay_splitting_lines,
          minmay_tiny_reverse_x, uniq_sigmund, uniq_jessica,
          uniq_crazy_yiuf_cottage
D:3:      layout_loops_cross, mainiacjoe_overflow_alcove_2,
          minmay_misc_feat_nine_boxes
D:4:      layout_basic, trog_three_pillars_becter, fedhas_altar_1
D:5:      layout_basic, mainiacjoe_overflow_big_doors, temple_hall,
          chequers_decorated_corner, chequers_garden, minmay_starry_boxes
D:6:      cheibrodos_barr_body, layout_loops_ring, overflow_temple_1_default,
          marbit_many_paths, serial_shops, shop_fountains, uniq_edmund,
          uniq_duvessa
D:7:      layout_basic, amcnicky_altar_gilded,
          nicolae_ossuary_entry_false_entrances, uniq_menkaure,
          uniq_prince_ribbit1
D:8:      layout_cave_pools, nrook_mini_backslash, minmay_mini_ossuary
D:9:      layout_roguey, ashenzari_conservatory_becter, lair_entry_dummy,
          enter_bailey_2, nicolae_diode_basic, uniq_joseph
D:10:     layout_roguey, orc_david_3, minivault_7, uniq_erica
D:11:     layout_irregular_city
D:12:     layout_small_grid, serial_shops, shop, uniq_jorgrun
D:13:     minmay_the_grid_triangle_9x9_rhombus_full
          [minmay_the_grid_triangle_9x9_fully_insulated_deathbox,
          minmay_the_grid_triangle_9x9_impossible_snake,
          minmay_the_grid_triangle_9x9_sprig,
          minmay_the_grid_triangle_9x9_zippers_horizontal,
          minmay_the_grid_triangle_9x9_pentomino_pain,
          minmay_the_grid_triangle_9x9_semitri,
          minmay_the_grid_triangle_9x9_corrupted_corridor,
          minmay_the_grid_triangle_9x9_prize_insulated], layout_cave_pods,
          erik_vaults_2, gauntlet_entry_generic, serial_park,
          serial_park_tiny_1, serial_park_tiny_1, serial_shops, shop
D:14:     layout_small_grid, grunt_decor_junction
D:15:     gammafunk_depths_entry_grave, layout_long_grid,
          hangedman_abyss_or_decor_stagger
Temple:   nicolae_temple_bog_church
Lair:1:   layout_roguey, serial_bayou_shore_b, grunt_megastairs_1
Lair:2:   nzn_winding_woodlands_medium [nzn_winding_woodlands_5x5_cross,
          nzn_winding_woodlands_5x15_sawtooth,
          nzn_winding_woodlands_5x5_open_star,
          nzn_winding_woodlands_5x5_checkerboard,
          nzn_winding_woodlands_center_diamonds,
          nzn_winding_woodlands_5x5_three, nzn_winding_woodlands_5x5_default,
          nzn_winding_woodlands_5x15_pool,
          nzn_winding_woodlands_5x5_closed_star], layout_layer_cave,
          minmay_shoals_entry_hut, chequers_serial_rivers_large_b,
          serial_bayou_crossing, uniq_harold
Lair:3:   layout_long_grid, spider_nest_entry_a, st_stairs_6,
          bh_autumn_forest_stairs, uniq_rupert
Lair:4:   layout_roguey, nicolae_slime_entry_field_trip, lemuel_fruit_fields
Lair:5:   grunt_lair_end_beastmaster, layout_cellular_growth
Shoals:1: layout_shoals, serial_shops, nicolae_shop_scrapyard
Shoals:2: layout_shoals, gammafunk_ghost_wrathful_warriors
Shoals:3: layout_shoals, serial_shops, nicolae_shop_tiny_glass
Shoals:4: shoals_end_hangedman, layout_shoals
Spider:1: layout_chambers, portal_ice_cave_entry_ice_statue_one
Spider:2: layout_cave_pods, uniq_agnes
Spider:3: layout_spider_delve, nicolae_spider_nooks_and_crannies
Spider:4: spider_rune_water
Slime:1:  layout_caves
Slime:2:  layout_caves
Slime:3:  layout_caves
Slime:4:  layout_caves
Slime:5
Orc:1:    layout_diamond_mine, ebering_ghost_rock_garden,
          nicolae_volcano_entry_s_turn, roderic_batcave, nicolae_shop_self_help
Orc:2:    grunt_orc_tribal_feast, layout_caves, rock_pile
Vaults:1: nicolae_vaults_network_star, ontoclasm_vaults_gateway,
          hangedman_vaults_impose, nicolae_vaults_network_s,
          grunt_vaults_funnel, v_misc_2, nicolae_vaults_two_Ls,
          layout_vaults_chaotic_city, uniq_nikola
Vaults:2: v_rooms_1, blue_anna_dwarven_crypt,
          nicolae_vaults_lopsided_apartments, ontoclasm_vaults_hangar,
          nicolae_vaults_variable_pillar_hall, vaults_dpeg_cross,
          nicolae_vaults_what_the_h, vaults_standard_mumra_enter_the_diamond,
          nicolae_vaults_diamond_2, v_pattern_4, nicolae_vaults_cochlea,
          vaults_mumra_minichess_inversion, ontoclasm_vaults_hangar, v_misc_9,
          layout_vaults_maze_bifur
Vaults:3: nicolae_vaults_offset_grid_hallway_2,
          nicolae_vaults_twisting_passages, nicolae_vaults_little_squares_3,
          vaults_dpeg_spiral, nicolae_vaults_door_testing_chamber,
          nicolae_vaults_tetromino_L_2, v_rooms_6, ontoclasm_vaults_ring_small,
          hangedman_vaults_snaps, v_rooms_4, v_misc_10, vaults_room_pools,
          vaults_dpeg_encased_lava, layout_vaults_ring, serial_shops, shop,
          uniq_zenata, uniq_margery
Vaults:4: gammafunk_ghost_split, hangedman_vaults_stitches,
          nicolae_vaults_little_squares_6, nicolae_vaults_two_Ls,
          nicolae_vaults_mini_display_case, layout_vaults_omnigrid
Crypt:1:  layout_gridlike, hangedman_crypt_dual_shrines
Crypt:2:  layout_basic, uniq_josephina
Crypt:3:  david_glass_crypt, layout_misc_corridors,
          nicolae_tomb_entry_rubble_hallway, serial_sigils_hangedman_stare

Skill      XL: |  1  2  3  4  5  6  7  8  9 10 11 12 13 14 15 16 17 18 19 20 21 22 23 |
---------------+----------------------------------------------------------------------+-----
Spellcasting   | 4 5 6 7 9 10 11 12 13 14 15 16 | 16.7
Fighting       | 2 4 7 9 11 13 15 16 18 20 | 20.5
Shields        | 4 7 9 11 12 14 | 14.0
Dodging        | 5 8 11 14 15 16 18 19 20 21 | 21.7
Armour         | 4 7 10 12 13 15 16 | 16.6
Stealth        | |  1.5

Action                     |  1- 3 |  4- 6 |  7- 9 | 10-12 | 13-15 | 16-18 | 19-21 | 22-24 || total
---------------------------+-------+-------+-------+-------+-------+-------+-------+-------++-------
  Melee: Unarmed           |       |       |       |     4 |       |       |       |       ||     4
         Mace              |       |       |       |     1 |    28 |     9 |    35 |    48 ||   121
   Cast: Magic Dart        |    41 |    83 |    36 |   119 |     9 |       |       |       ||   288
         Sandblast         |     3 |       |       |     2 |       |       |       |       ||     5
         Fulminant Prism   |       |     7 |    42 |   167 |   234 |   283 |    38 |     1 ||   772
         Iskenderun's Myst |       |     2 |    22 |    71 |   133 |   172 |    80 |    69 ||   549
         Mephitic Cloud    |       |       |     5 |       |     1 |       |       |       ||     6
         Yara's Violent Un |       |       |       |     2 |     6 |       |       |     7 ||    15
         Death Channel     |       |       |       |       |    22 |    34 |    48 |     8 ||   112
         Eringya's Noxious |       |       |       |       |       |    63 |    84 |     1 ||   148
         Blade Hands       |       |       |       |       |       |     1 |     1 |       ||     2
         Haunt             |       |       |       |       |       |       |   216 |   265 ||   481
         Necromutation     |       |       |       |       |       |       |    10 |    38 ||    48
         Disjunction       |       |       |       |       |       |       |       |     3 ||     3
         Searing Ray       |       |       |       |       |       |       |       |     1 ||     1
 Invoke: Curse Item        |       |       |       |     3 |     6 |     2 |     1 |       ||    12
         Shatter the Chain |       |       |       |       |       |     2 |     1 |     1 ||     4
Ability: End Transformatio |       |       |       |       |       |     1 |     1 |       ||     2
  Evoke: Wand              |       |       |       |       |       |       |       |     2 ||     2
    Use: Scroll            |       |       |     9 |     8 |     1 |     5 |       |     4 ||    27
         Potion            |       |       |       |       |     1 |     1 |     4 |       ||     6
   Stab: Distracted        |       |       |       |       |       |     1 |       |       ||     1
 Armour: Robe              |     2 |     1 |     3 |    14 |       |       |       |       ||    20
         Troll leather arm |       |       |       |     5 |    17 |    24 |    43 |    46 ||   135
  Dodge: Dodged            |     4 |     5 |     7 |    46 |    60 |    68 |   163 |    79 ||   432
  Block: Buckler           |       |       |       |       |    52 |    69 |   167 |    92 ||   380
         Reflection        |       |       |       |       |    12 |    33 |    39 |     1 ||    85
